 Dungeon Crawl Stone Soup version 0.19.1-1-g22dce08 (webtiles) character file.

312 dngmouse the Chopper (level 6, 0/57 HPs)
             Began as a Deep Dwarf Fighter on Jan 12, 2017.
             Slain by Grinder (4 damage)
             ... on level 4 of the Dungeon.
             The game lasted 00:08:57 (2265 turns).

dngmouse the Chopper (Deep Dwarf Fighter)           Turns: 2265, Time: 00:08:58

Health: 0/57       AC:  8    Str: 21    XL:     6   Next: 18%
Magic:  6/6        EV:  9    Int:  9    God:
Gold:   164        SH:  4    Dex: 12    Spells: 0 memorised, 5 levels left

rFire  . . .     SeeInvis .     a - +0 war axe
rCold  . . .     Gourm    .     b - +0 scale mail
rNeg   . . .     Faith    .     k - +0 buckler
rPois  .         Spirit   .     (no helmet)
rElec  .         Reflect  .     r - +0 cloak
rCorr  .         Harm     .     (no gloves)
MR     .....                    l - +0 pair of boots (curse)
Stlth  ..........               (no amulet)
                                (no ring)
                                (no ring)

@: flying, non-regenerating
A: damage resistance, recharge devices, molten scales 1, deformed body, sense
surroundings 1, slow regeneration 3
a: Device Recharging


You were on level 4 of the Dungeon.
You were not hungry.

You visited 1 branch of the dungeon, and saw 4 of its levels.

You collected 164 gold pieces.

Inventory:

Hand Weapons
 a - a +0 war axe (weapon)
Armour
 b - a +0 scale mail (worn)
 c - a +0 shield
 k - a +0 buckler (worn)
 l - a cursed +0 pair of boots (worn)
 r - a +0 cloak (worn)
Jewellery
 p - an uncursed ring of fire {unknown}
 t - an uncursed ring of magical power {unknown}
Wands
 e - a wand of heal wounds (5/9)
Scrolls
 d - a scroll of remove curse {unknown}
 h - 2 scrolls of identify {unknown}
 m - 2 scrolls of noise {unknown}
 n - 2 scrolls of teleportation {unknown}
 u - a scroll of magic mapping {unknown}
 v - a scroll of enchant armour {unknown}
 w - a scroll of amnesia {unknown}
Potions
 i - 2 potions of flight
 j - 2 potions of curing
 x - a potion of haste {unknown}
 z - a potion of agility {unknown}
Comestibles
 f - 2 bread rations
 s - a beef jerky


   Skills:
 - Level 3.9 Fighting
 + Level 6.4 Axes
 - Level 3.2 Armour
 - Level 3.2 Shields


You had 5 spell levels left.
You didn't know any spells.

Dungeon Overview and Level Annotations

Branches:
Dungeon (4/15)
 Temple: D:4-7

Altars:
Elyvilon
Fedhas
Ru

Annotations:
D:4 Grinder


Innate Abilities, Weirdness & Mutations

You are resistant to damage.
You can recharge devices by infusing magical energy.
You passively map a small area around you.
You do not regenerate.
You are partially covered in molten scales. (AC +2)
Armour fits poorly on your strangely shaped body.


Message History

You hit Grinder.
Grinder is severely wounded.
Grinder hits you but does no damage. You block Grinder's attack.
You hit Grinder but do no damage.
Grinder is severely wounded.
Grinder hits you but does no damage.
You closely miss Grinder.
Grinder is severely wounded.
Grinder hits you.
You writhe in agony.
* * * LOW HITPOINT WARNING * * *
Your scale mail prevents you from hitting Grinder.
Grinder is severely wounded.
Grinder hits you!
* * * LOW HITPOINT WARNING * * *
You hit Grinder but do no damage.
Grinder is severely wounded.
Grinder hits you.
* * * LOW HITPOINT WARNING * * *
You writhe in agony.
You die...

* * #! #. . #. * #. #.
#..#. ####.#. .......
.......#################
,
......>).....5@........#
.(...#################.#
,... #.........# #.# ,
., #.#######.# #.#
#.#.....#.# #.#
#.#...(...# #.#
#.#####...# #.#
#.#...#...#######.#
#.#.#.#...........#


You could see Grinder.

Vanquished Creatures
  The ghost of dngmouse the Skirmisher, an amateur DDFi (D:3)
  An ogre (D:4)
  Ijyb (D:3)
  4 adders (D:2)
  A worm (D:2)
  2 leopard geckos (D:2)
  3 orcs (D:3)
  10 bats
  6 giant cockroaches
  7 goblins
  4 hobgoblins
  3 jackals (D:3)
  12 kobolds
  A quokka (D:2)
  2 ball pythons
  5 frilled lizards
  8 rats
71 creatures vanquished.

Notes
Turn   | Place    | Note
-------+----------+-------------------------------------------
     0 | D:1      | dngmouse the Deep Dwarf Fighter began the quest for the Orb.
     0 | D:1      | Reached XP level 1. HP: 20/20 MP: 1/1
   116 | D:1      | Reached XP level 2. HP: 28/28 MP: 2/2
   644 | D:2      | Reached XP level 3. HP: 29/36 MP: 3/3
  1011 | D:2      | Reached skill level 3 in Axes
  1179 | D:2      | Reached XP level 4. HP: 24/44 MP: 4/4
  1253 | D:2      | Found a sacrificial altar of Ru.
  1255 | D:2      | Found a blossoming altar of Fedhas.
  1261 | D:2      | Found a white marble altar of Elyvilon.
  1638 | D:3      | Reached skill level 4 in Axes
  1643 | D:3      | Noticed Ijyb
  1668 | D:3      | Killed Ijyb
  1751 | D:3      | Noticed dngmouse's ghost (amateur DDFi)
  1770 | D:3      | Killed dngmouse's ghost
  1770 | D:3      | Reached skill level 5 in Axes
  1770 | D:3      | Reached XP level 5. HP: 21/50 MP: 5/5
  2230 | D:4      | Noticed an ogre
  2231 | D:4      | Noticed Grinder
  2231 | D:4      | Gained mutation: Armour fits poorly on your strangely shaped body. [potion of mutation]
  2231 | D:4      | Gained mutation: You are partially covered in molten scales. (AC +2) [potion of mutation]
  2240 | D:4      | Killed an ogre
  2240 | D:4      | Reached skill level 6 in Axes
  2240 | D:4      | Reached XP level 6. HP: 12/57 MP: 6/6
  2265 | D:4      | Slain by Grinder

Skill      XL: |  1  2  3  4  5 |
---------------+----------------+-----
Fighting       | 3 |  3.9
Axes           | 3 5 6 |  6.4
Armour         | |  3.2
Shields        | |  3.2

Action                   |  1- 3 |  4- 6 || total
-------------------------+-------+-------++-------
Melee: War axe           |   167 |   121 ||   288
  Use: Potion            |       |     5 ||     5
  Eat: Chunk             |     1 |     4 ||     5
Armor: Scale mail        |    94 |    57 ||   151
Dodge: Dodged            |    65 |    45 ||   110
Block: Shield            |    28 |       ||    28
       Buckler           |    29 |    41 ||    70
